 Dungeon Crawl Stone Soup version 0.27.1 (webtiles) character file.

Game seed: 1958050574963568952

431 ZARRMARR the Chopper (level 6, 0/84 HPs)
             Began as a Minotaur Berserker on Aug 28, 2021.
             Was a Believer of Trog.
             Succumbed to a hornet's poison
             ... on level 5 of the Dungeon.
             The game lasted 00:06:47 (2022 turns).

ZARRMARR the Chopper (Minotaur Berserker)           Turns: 2022, Time: 00:06:48

Health: 0/84       AC:  7    Str: 23    XL:     6   Next: 67%
Magic:  5/5        EV: 11    Int:  4    God:    Trog [**....]
Gold:   62         SH:  0    Dex: 10    Spells: 5/5 levels left

rFire    . . .     SeeInvis .   a - +0 hand axe
rCold    . . .     Faith    .   (no shield)
rNeg     + . .     Spirit   .   i - +0 ring mail
rPois    .         Reflect  .   (helmet restricted)
rElec    .         Harm     .   j - +0 cloak
rCorr    .         Rampage  .   (no gloves)
Will     .....                  (no boots)
Stlth    ..........             (no amulet)
HPRegen  0.24/turn              g - ring of positive energy
MPRegen  0.09/turn              (no ring)

@: berserking (expiring), lethally poisoned (0 -> -10), slowed
A: horns 2, retaliatory headbutt
a: Renounce Religion, Berserk, Trog's Hand


You were on level 5 of the Dungeon.
You worshipped Trog.
Trog was pleased with you.
You visited 1 branch of the dungeon, and saw 4 of its levels.

You collected 62 gold pieces.

Inventory:

Hand Weapons
 a - a +0 hand axe (weapon)
 h - a +1 vampiric whip
 q - a +3 spear
Missiles
 e - 125 stones
 n - 13 poisoned darts (quivered)
Armour
 i - a +0 ring mail (worn)
 j - a +0 cloak (worn)
Jewellery
 g - a ring of positive energy (left hand)
Scrolls
 m - a scroll of silence
 o - a scroll of fog {unknown}
 p - a scroll of vulnerability
Potions
 b - 2 potions of degeneration {unknown}
 c - 2 potions of might
 d - 4 potions of curing {unknown}
 f - a potion of ambrosia {unknown}
 k - a potion of heal wounds {unknown}
 l - 2 potions of attraction {unknown}


   Skills:
 + Level 5.1 Fighting
 + Level 6.5 Axes
 + Level 4.8 Armour
 + Level 3.5 Dodging


You had 5 spell levels left.
You didn't know any spells.
Your spell library was empty.

Dungeon Overview and Level Annotations

Branches:
Dungeon (3/15)

Altars:
Okawaru


Innate Abilities, Weirdness & Mutations

You have a pair of horns on your head.
You reflexively headbutt those who attack you in melee.


Message History

The hornet stings you but does no damage.
You hit the hornet but do no damage. Your headbutt misses the hornet.
The hornet is moderately wounded.
You feel sick. The hornet closely misses you. You furiously retaliate!
You headbutt the hornet!! The hornet stings you!
You feel as though you will be slow longer.
You barely miss the hornet.
The hornet is almost dead.
You feel sick. The hornet closely misses you.
You barely miss the hornet.
The hornet is almost dead.
You feel sick. The hornet closely misses you. x2
You closely miss the hornet.
The hornet is almost dead.
You feel sick.
The hornet stings you but does no damage.
You hit the hornet. Your headbutt misses the hornet.
The hornet is almost dead.
You feel sick. The hornet stings you.
* * * LOW HITPOINT WARNING * * *
You suddenly lose the ability to move!
The hornet stings you!
* * * LOW HITPOINT WARNING * * *
You are lethally poisoned!
You feel as though you will be slow longer.
You can move again.
You are too berserk!
You hit the hornet.
You kill the hornet!
Trog accepts your kill.
* * * LOW HITPOINT WARNING * * *
You feel very sick. The ogre closely misses you.
Your Fighting skill increases to level 5!
Your Axes skill increases to level 6!
You have reached level 6!
Your experience leads to an increase in your attributes!
Increase (S)trength, (I)ntelligence, or (D)exterity?
You feel stronger.
You completely miss the ogre.
You die...

#.(.......(.....#
######....#######
##.........#
.....###...# .....#
##..# ..)..## #..#
......# #..#
......###..#############
.......##.......@O.....#
.....#.# ##......##.!...
.....#[# #####.## ...
####.#.### ##.# .
#.....#####..#
##.##.#.....##
#.##......##
#.##.......#
##..........#


You could see an ogre.

Vanquished Creatures
  A hornet (D:5)
  A sky beast (D:5)
  A scorpion (D:5)
  A hound (D:5)
  2 adders
  An ufetubus (D:5)
  An adder skeleton (D:2)
  An adder zombie (D:2)
  2 ball pythons (D:2)
  An endoplasm (D:1)
  A goblin (D:1)
  5 hobgoblins
  A kobold (D:2)
  2 quokkas (D:1)
  A ball python skeleton (D:2)
  5 bats
  3 frilled lizards
  A quokka zombie (D:2)
  2 rats (D:2)
33 creatures vanquished.

Notes
Turn   | Place    | Note
-------+----------+-------------------------------------------
     0 | D:1      | ZARRMARR the Minotaur Berserker began the quest for the
                  | Orb.
     0 | D:1      | Reached XP level 1. HP: 19/19 MP: 0/0
   428 | D:1      | Reached skill level 4 in Axes
   428 | D:1      | Reached XP level 2. HP: 26/27 MP: 1/1
  1225 | D:2      | Reached XP level 3. HP: 33/33 MP: 2/2
  1710 | D:3      | You fall into a shaft and drop 2 floors!
  1710 | D:5      | Entered Level 5 of the Dungeon
  1738 | D:5      | Noticed a scorpion
  1745 | D:5      | Killed a scorpion
  1746 | D:5      | Reached skill level 5 in Axes
  1746 | D:5      | Reached XP level 4. HP: 35/41 MP: 3/3
  1877 | D:5      | Reached ** piety under Trog
  1878 | D:5      | Reached XP level 5. HP: 47/47 MP: 4/4
  1888 | D:5      | Noticed a sky beast
  1894 | D:5      | Killed a sky beast
  1958 | D:5      | Found an iron altar of Okawaru.
  2009 | D:5      | Noticed a hornet
  2012 | D:5      | Noticed an ogre
  2020 | D:5      | Paralysed by a hornet for 1 turns
  2021 | D:5      | Killed a hornet
  2021 | D:5      | HP: 1/70 [poisoned by a hornet]
  2022 | D:5      | Reached skill level 5 in Fighting
  2022 | D:5      | Reached skill level 6 in Axes
  2022 | D:5      | Reached XP level 6. HP: 1/56 MP: 5/5
  2022 | D:5      | Succumbed to a hornet's poison

Illustrated notes

Levels and vault maps discovered:
D:1:      giann_bridges, layout_basic
D:2:      layout_loops_ring, serial_undead, serial_undead_c, serial_undead_b,
          serial_undead_c, serial_undead_d, moated_statue
D:3:      cheibrodos_greedy_goblins, layout_loops_cross,
          hellmonk_ecumenical_altar_leap_of_faith, columned_hall_lemuel,
          minmay_cut_off
D:5:      layout_rooms, lemuel_tele_altar

Skill      XL: |  1  2  3  4  5 |
---------------+----------------+-----
Axes           | 4 5 6 |  6.5
Fighting       | 4 5 |  5.1
Armour         | 3 4 |  4.8
Dodging        | 3 |  3.5

Action                   |  1- 3 |  4- 6 || total
-------------------------+-------+-------++-------
Melee: Hand axe          |    62 |    19 ||    81
       Headbutt          |     3 |     1 ||     4
Throw: Stone             |    32 |       ||    32
       Dart              |     8 |    10 ||    18
Invok: Berserk           |       |     2 ||     2
  Use: Scroll            |     3 |     1 ||     4
       Potion            |       |     1 ||     1
Armor: Ring mail         |    24 |     5 ||    29
       Animal skin       |     1 |       ||     1
Dodge: Dodged            |    44 |    16 ||    60
